[Event "Live Chess"]
[Site "Chess.com"]
[Date "2023.05.20"]
[Round "-"]
[White "KeithArkell"]
[Black "hturner40"]
[Result "1-0"]
[WhiteElo "2615"]
[BlackElo "1787"]
[TimeControl "300"]
[EndTime "13:49:57 PDT"]
[Termination "KeithArkell won on time"]

1. d4 Nc6 2. Nf3 d6 3. d5 Nb8 4. e4 Nf6 5. Nc3 g6 6. h3 Bg7 7.
Bc4 O-O 8. O-O a6 9. a4 Nbd7 10.
a5 Nc5 11. Re1 Nfd7 12. Bf4 b5 13. axb6 cxb6 14. Nd4 Re8 15. b4 Nb7 16. Ra3 Qc7 17.
Nc6 Nb8 18. b5 a5 19. e5 Bd7 20. exd6 exd6 21. Rxe8+ Bxe8 22. Ne4 Nd7 23. Qd2 Ndc5 24. Nxc5 Nxc5 25. Re3 Bxc6 26. dxc6 Be5 27. Bxe5 dxe5 28.
Qd5 Re8 29. f4 e4 30. g3 Rd8 31. Qe5 Qxe5 32. fxe5 Rd1+ 33. Kf2 Rd2+ 34. Re2 Rd4 35. c7 1-0

[Event "Live Chess"]
[Site "Chess.com"]
[Date "2023.05.20"]
[Round "-"]
[White "BostonStrangler"]
[Black "stevefairhurst"]
[Result "1-0"]
[WhiteElo "2054"]
[BlackElo "585"]
[TimeControl "300"]
[EndTime "13:50:01 PDT"]
[Termination "BostonStrangler won by checkmate"]

1. Nf3 d6 2. g3 e5 3. Bg2 c5 4. O-O Qa5 5. c4 Be6 6. d3 Nc6 7. Nc3 O-O-O 8. a3 Be7 9. Bd2 Nf6 10. b4 Qc7 11. Nb5 Qd7 12. bxc5 a6 13. Rb1 axb5 14.
cxb5 Nd4 15. Nxd4 exd4 16. c6 bxc6 17. bxc6 Qc7 18. Rb7 Bd5 19. Rxc7+ Kxc7 20. Ba5+ Kxc6 21. Qa4+ Kb7 22. Rb1+ Kc8 23. Bxd5 Rd7 24. Qc6+ Rc7 25. Qxc7# 1-0

[Event "Live Chess"]
[Site "Chess.com"]
[Date "2023.05.20"]
[Round "-"]
[White "Doge_Dandolo"]
[Black "chrisbradgate"]
[Result "1-0"]
[WhiteElo "2008"]
[BlackElo "847"]
[TimeControl "300"]
[EndTime "13:50:07 PDT"]
[Termination "Doge_Dandolo won by checkmate"]

1. Nf3 d5 2. c4 dxc4 3. e3 Nc6 4. Bxc4 h6 5. d4 Nf6 6. O-O Bg4 7. Nbd2 Qd7 8. Qb3 O-O-O 9. Bb5 a6 10. Bxc6 Qxc6 11.
Ne5 Be6 12. Nxc6 Bxb3 13. Nxd8 Kxd8 14. axb3 Kc8 15. Nc4 e6 16. Bd2 Nd5 17. Ne5 f6 18. Nd3 Bd6 19. Rfc1 e5 20. dxe5 fxe5 21. e4 Nf6 22. f3 Rf8 23. Be3 g5 24. Ra4 Nd7 25. Rac4 c6 26. Rd1 Be7 27. Nc5 Nxc5 28. Bxc5 Bxc5+ 29.
Rxc5 Kc7 30. Rxe5 Rg8 31. Kf2 Rf8 32. Kg3 Rg8 33. h3 h5 34. Rd4 Kb6 35. Rd7 Rg6 36. Rh7 h4+ 37. Kg4 Rd6 38. Rxg5 Rd2 39. Kf5 Rxb2 40.
Rgg7 Ka5 41. e5 Rxb3 42. Rxb7 Re3 43. e6 c5 44. e7 c4 45. Rb8 c3 46. e8=Q Rxe8 47.
Rxe8 c2 48. Rc8 Kb6 49. Rxh4 a5 50. Rhc4 Kb5 51. Rxc2 a4 52. Rb8+ Ka5 53. h4 a3 54. h5 Ka4 55. h6 a2 56. Rxa2# 1-0

[Event "Live Chess"]
[Site "Chess.com"]
[Date "2023.05.20"]
[Round "-"]
[White "blunderabit"]
[Black "lordjimvi"]
[Result "1-0"]
[WhiteElo "1844"]
[BlackElo "391"]
[TimeControl "300"]
[EndTime "13:50:22 PDT"]
[Termination "blunderabit won by resignation"]

1. e4 d5 2. exd5 Qxd5 3. Nc3 Qe6+ 4. Be2 Nc6 5. Nf3 f5 6. d4 Nf6 7. d5 Nxd5 8. Nxd5 Qd7 9. Bf4 e6 10. Nxc7+ Kf7 11. Nxa8 1-0

[Event "Live Chess"]
[Site "Chess.com"]
[Date "2023.05.20"]
[Round "-"]
[White "LiamClery2020"]
[Black "Larchikov"]
[Result "1-0"]
[WhiteElo "2091"]
[BlackElo "2007"]
[TimeControl "300"]
[EndTime "13:50:22 PDT"]
[Termination "LiamClery2020 won by resignation"]

1. e4 c6 2. c4 d5 3. cxd5 cxd5 4. exd5 Nf6 5. Nc3 Nxd5 6. Bc4 Nxc3 7. bxc3 e6 8. Nf3 Nc6 9. O-O Be7 10. d4 O-O 11. Re1 a6 12. Bd3 b5 13. Qe2 Bf6 14.
Qe4 g6 15. Qxc6 1-0

[Event "Live Chess"]
[Site "Chess.com"]
[Date "2023.05.20"]
[Round "-"]
[White "laki79"]
[Black "EdenHazard8"]
[Result "0-1"]
[WhiteElo "2166"]
[BlackElo "2068"]
[TimeControl "300"]
[EndTime "13:50:24 PDT"]
[Termination "EdenHazard8 won on time"]

1. d4 Nf6 2. c4 g6 3. Nc3 Bg7 4. e4 d6 5. f3 O-O 6. Be3 Nbd7 7. Qd2 e5 8. d5 a5 9. Bd3 b6 10.
O-O-O Nc5 11. Bc2 Ne8 12. Nge2 f5 13. Kb1 f4 14. Bf2 Nf6 15. Nc1 a4 16. b4 axb3 17. axb3 Bd7 18. Kb2 Qc8 19. b4 Qa6 20. N1a2 Qa3+ 21.
Kb1 Nb3 22. Bxb3 Qxb3+ 23. Qb2 Qxc4 24. Rc1 Qd3+ 25. Qc2 Qc4 26. Rhd1 Ra3 27. Rd2 Rfa8 28. Qd3 Rb3+ 29. Ka1 Qxb4 30. Rb1 Rxb1+ 31. Nxb1 Bb5 32.
Qc3 Qxc3+ 33. Nxc3 Bc4 34. Kb1 Nd7 35. Nb4 Nc5 36. Bxc5 bxc5 37. Nc6 g5 38. Rb2 Bf6 39. Nb5 Bxb5 40. Rxb5 Bd8 41. Rb7 h5 42. Nxd8 Rxd8 43. Rxc7 Rb8+ 44. Kc2 Ra8 45. Kb2 Rd8 46.
Re7 Kf8 47. Rh7 h4 48. Rh5 Kf7 49. Rxg5 Kf6 50. Rh5 Rg8 51. Rxh4 Rxg2+ 52. Kc3 Rf2 53. Rh6+ Ke7 54. Rh7+ Kd8 55. Rh6 Rxf3+ 56. Kc4 Kc7 57. Rh7+ Kb6 58. Rh6 Re3 59. Rxd6+ Kc7 60. Re6 Rxe4+ 61.
Kxc5 f3 62. Re7+ Kd8 63. Rf7 Rf4 64. Rh7 f2 0-1

[Event "Live Chess"]
[Site "Chess.com"]
[Date "2023.05.20"]
[Round "-"]
[White "gmnorfolk"]
[Black "Supertromp"]
[Result "1-0"]
[WhiteElo "2116"]
[BlackElo "2181"]
[TimeControl "300"]
[EndTime "13:50:29 PDT"]
[Termination "gmnorfolk won by resignation"]

1. d4 Nf6 2. c4 g6 3. Nc3 Bg7 4. e4 d6 5. Be2 O-O 6. Be3 e5 7. d5 a5 8. h4 h6 9. h5 g5 10. Qd2 Nh7 11. g4 Na6 12. O-O-O Bd7 13. f3 a4 14. Nh3 f6 15. Nf2 Rb8 16. Kb1 Qe8 17. Nb5 Rf7 18. Rc1 b6 19. Ka1 Bf8 20. Nd3 Nc5 21. Nxc5 bxc5 22. Nxc7 Qd8 23. Nb5 Be8 24.
Rc3 Rfb7 25. Ra3 Ra8 26. Qc2 Qa5 27. Bd2 Qa6 28. b3 axb3 29. Rxa6 1-0

[Event "Live Chess"]
[Site "Chess.com"]
[Date "2023.05.20"]
[Round "-"]
[White "SiDebanks"]
[Black "lightningorderyt"]
[Result "1-0"]
[WhiteElo "1357"]
[BlackElo "522"]
[TimeControl "300"]
[EndTime "13:50:30 PDT"]
[Termination "SiDebanks won by checkmate"]

1. d4 d5 2. Nc3 Nf6 3. Bf4 Bf5 4. e3 Nbd7 5. Nb5 Rc8 6. Nxa7 Ra8 7. Nb5 Rc8 8. Nxc7+ Rxc7 9. Bxc7 Qxc7 10. Bd3 e6 11.
Bxf5 exf5 12. Nf3 Bd6 13. Qd2 Qb6 14. c3 Ne4 15. Qc2 O-O 16. Nd2 Ndf6 17. f3 Nxd2 18.
Qxd2 Re8 19. O-O Qc7 20. g3 f4 21. exf4 Nh5 22. Rae1 Re2 23. Qxe2 f5 24. Qe6+ Kh8 25. Qe8+ Bf8 26. Qxf8# 1-0

[Event "Live Chess"]
[Site "Chess.com"]
[Date "2023.05.20"]
[Round "-"]
[White "lucaskk818"]
[Black "Tushinskiy"]
[Result "0-1"]
[WhiteElo "1883"]
[BlackElo "2129"]
[TimeControl "300"]
[EndTime "13:50:31 PDT"]
[Termination "Tushinskiy won by resignation"]

1. d4 d5 2. c4 c6 3. Nf3 e6 4. cxd5 exd5 5. Bf4 Nf6 6. e3 Bd6 7. Bxd6 Qxd6 8. Bd3 Bg4 9. h3 Bh5 10. O-O O-O 11. Nbd2 Nbd7 12. Qb3 Rab8 13. Rac1 Rfe8 14. Qa4 a6 15. Nb3 Bxf3 16. gxf3 Qe6 17. Nc5 Nxc5 18. Rxc5 Qxh3 19. Be2 g6 20. Rfc1 Kg7 21. Qc2 h5 0-1

[Event "Live Chess"]
[Site "Chess.com"]
[Date "2023.05.20"]
[Round "-"]
[White "Geomorph"]
[Black "jk0110"]
[Result "1-0"]
[WhiteElo "1254"]
[BlackElo "1092"]
[TimeControl "300"]
[EndTime "13:50:33 PDT"]
[Termination "Geomorph won by resignation"]

1. e4 e5 2. Nf3 Nc6 3. Bc4 f5 4. exf5 e4 5. Qe2 Qe7 6. Ng1 Nd4 7. Qh5+ Kd8 8. Na3 Nf6 9. Qh4 d5 10. Bb3 Bxf5 11. c3 Nxb3 12. axb3 h6 13. Ne2 g5 14.
Qg3 Nh5 15. Qe3 Qd7 16. Nd4 Bg6 17. O-O Bc5 18. c4 Nf4 19. Nab5 a6 20. Nc3 Bxd4 21. Qxd4 Ne2+ 22. Nxe2 c6 23. Qxh8+ 1-0

[Event "Live Chess"]
[Site "Chess.com"]
[Date "2023.05.20"]
[Round "-"]
[White "FlyingChessKestrel13"]
[Black "bristolunichess"]
[Result "1-0"]
[WhiteElo "2109"]
[BlackElo "1820"]
[TimeControl "300"]
[EndTime "13:50:39 PDT"]
[Termination "FlyingChessKestrel13 won by resignation"]

1. e4 c5 2. Nc3 e6 3. g3 d5 4. exd5 exd5 5. Bg2 d4 6. Nce2 d3 7. cxd3 Qxd3 8. Nf4 Qd8 9. Nge2 Nc6 10. O-O Nf6 11. Nc3 Be7 12. d3 O-O 13. Nfd5 Nxd5 14. Nxd5 Bg5 15.
Bxg5 Qxg5 16. h4 Qe5 17. Qc2 Be6 18. Rae1 Qd6 19. Nf4 Nd4 20. Qd1 Bxa2 21. Bxb7 Rab8 22. Bg2 Rxb2 23. Qa1 Rd2 24. Rc1 Nb3 25. Qc3 Nxc1 26. Qxd2 Nxd3 27. Qxd3 Qxd3 28. Nxd3 Bc4 29. Rd1 Rd8 30.
Bf1 Bb3 31. Rc1 c4 32. Nc5 a5 33.
Bxc4 Bxc4 34. Rxc4 1-0

[Event "Live Chess"]
[Site "Chess.com"]
[Date "2023.05.20"]
[Round "-"]
[White "ChessTWSS"]
[Black "JoeyCage"]
[Result "0-1"]
[WhiteElo "1677"]
[BlackElo "2310"]
[TimeControl "300"]
[EndTime "13:50:41 PDT"]
[Termination "JoeyCage won on time"]

1. d4 g6 2. Bf4 Bg7 3. e3 c5 4. c3 Qb6 5. Qb3 d6 6. Nd2 Nf6 7. Ngf3 O-O 8. Bd3 Be6 9. Qxb6 axb6 10. O-O Nc6 11. e4 Bd7 12. e5 dxe5 13. dxe5 Ng4 14.
Nc4 Be6 15. Nxb6 Rxa2 16. Rxa2 Bxa2 17. Ra1 Be6 18. Bc4 Bxc4 19. Nxc4 b5 20. Ra6 Rc8 21. h3 bxc4 22. hxg4 e6 23. g3 h6 24. g5 hxg5 25. Bxg5 Nxe5 26. Nxe5 Bxe5 27. f4 Bg7 28. Rb6 Bf8 29.
b3 cxb3 30. Rxb3 c4 31. Rb7 Bg7 32. g4 Bxc3 33. f5 exf5 34. gxf5 Rc5 35. fxg6 Rxg5+ 36. Kh2 Rxg6 37. Rb8+ Kg7 38. Rb1 Be5+ 39. Kh3 c3 40. Rc1 Rc6 41. Rc2 Kf6 42. Kg4 Ke6 43. Kf3 Kd5 44.
Ke3 f5 45. Kd3 Rc4 46. Ke3 Rh4 0-1

[Event "Live Chess"]
[Site "Chess.com"]
[Date "2023.05.20"]
[Round "-"]
[White "domrobson"]
[Black "fso"]
[Result "1-0"]
[WhiteElo "1778"]
[BlackElo "2247"]
[TimeControl "300"]
[EndTime "13:50:42 PDT"]
[Termination "domrobson won on time"]

1. d4 d5 2. c4 e6 3. Nf3 c5 4. Nc3 Nc6 5. cxd5 exd5 6. Bg5 Qa5 7. Bd2 Qd8 8. Bg5 Nf6 9. e3 Be7 10. dxc5 O-O 11. Be2 Bxc5 12. O-O Be6 13. Nd4 Nxd4 14. exd4 Bd6 15. Bf3 h6 16. Bxf6 Qxf6 17. Nxd5 Bxd5 18.
Bxd5 Rfd8 19. Bxb7 Rab8 20. Qf3 Qxd4 21. Rab1 Qe5 22. g3 Rd7 23. Bc6 Rc7 24. b3 Bc5 25.
Rbe1 Qd6 26. Be4 Bb6 27. Rd1 Qe7 28. Rfe1 Qc5 29. Rd5 Qb4 30. Red1 Rf8 31. Rd7 Rxd7 32. Rxd7 Qe1+ 33. Kg2 Bxf2 34. Bd5 Qg1+ 35. Kh3 Qf1+ 36. Qg2 Qxg2+ 37. Kxg2 Bb6 38. a4 Bc5 39. Rb7 a5 40. Rb5 Bb4 41. Bc4 g6 42. Rb6 Kg7 43. Rb7 Kf6 44.
h4 Be7 45. Rb6+ Kg7 46. Rb5 Bb4 47. g4 Rd8 48. Rb7 Rf8 49. Kf3 Kf6 50. g5+ hxg5 51. hxg5+ Kxg5 52. Rb5+ Kf6 53. Rb6+ Kg7 54. Rb7 Kf6 55.
Kg4 g5 56. Rb6+ Kg7 57. Kxg5 Rd8 58. Rb7 Rf8 59. Kf5 Bc3 60. Rd7 Rc8 61. Rxf7+ Kh6 62. Ra7 Rc5+ 63. Ke4 Re5+ 64. Kd3 Bb4 65. Rb7 Re7 66.
Rb6+ Kh5 67. Rb5+ Kg4 68. Rd5 Kf4 69. Rb5 Rd7+ 70. Rd5 1-0

[Event "Live Chess"]
[Site "Chess.com"]
[Date "2023.05.20"]
[Round "-"]
[White "anatoliy10912"]
[Black "wot-not"]
[Result "1-0"]
[WhiteElo "1558"]
[BlackElo "1511"]
[TimeControl "300"]
[EndTime "13:50:43 PDT"]
[Termination "anatoliy10912 won by checkmate"]

1. c4 Nf6 2. Nc3 d6 3. d4 c5 4. dxc5 Nc6 5. cxd6 exd6 6. Bf4 Be7 7. Nf3 O-O 8. e3 Bg4 9. Be2 Qb6 10. b3 Qb4 11.
Qc2 Ne4 12. Rc1 Bf6 13. Qxe4 Bxc3+ 14. Kd1 Rad8 15. Bd3 Ne5 16. Qxh7# 1-0

[Event "Live Chess"]
[Site "Chess.com"]
[Date "2023.05.20"]
[Round "-"]
[White "Duke_of_Bebington"]
[Black "Greenbecker"]
[Result "1-0"]
[WhiteElo "1586"]
[BlackElo "1638"]
[TimeControl "300"]
[EndTime "13:50:57 PDT"]
[Termination "Duke_of_Bebington won by resignation"]

1. e4 e6 2. d4 d5 3. Nd2 dxe4 4. Nxe4 Bd7 5. Nf3 Bc6 6. Bd3 Nd7 7. O-O Ngf6 8. Re1 Nxe4 9. Bxe4 Bxe4 10. Rxe4 Nf6 11. Re3 Be7 12. b3 O-O 13. Bb2 Nd5 14. Re1 c5 15. c4 Nf6 16. Qc2 cxd4 17. Bxd4 Rc8 18. Rad1 Qc7 19. Ng5 h6 20. Bxf6 hxg5 21. Bxe7 Qxe7 22.
Rd3 Rfd8 23. Red1 Rxd3 24. Rxd3 Rd8 25. Kf1 f6 26. Ke2 Rxd3 27. Qxd3 Kf7 28. h3 Qc7 29.
Qe4 b6 30. g3 f5 31. Qe3 Kf6 32. f4 gxf4 33. gxf4 Qd7 34. Qd3 Qxd3+ 35. Kxd3 g5 36. b4 g4 37. hxg4 fxg4 38. Ke3 Kf5 39. c5 bxc5 40.
bxc5 g3 41. Kf3 e5 42. c6 Ke6 43.
fxe5 g2 44. Kxg2 a5 45. Kf3 a4 46. Ke4 a3 47. Kd4 Ke7 48. Kd5 Kd8 49. Kd6 Kc8 50. c7 Kb7 51. Kd7 1-0

[Event "Live Chess"]
[Site "Chess.com"]
[Date "2023.05.20"]
[Round "-"]
[White "Jeffaroow"]
[Black "Bob2pen"]
[Result "0-1"]
[WhiteElo "468"]
[BlackElo "1822"]
[TimeControl "300"]
[EndTime "13:51:01 PDT"]
[Termination "Bob2pen won by checkmate"]

1. e4 e6 2. Nf3 d5 3. Nc3 c5 4. exd5 exd5 5. Bb5+ Bd7 6. Ne5 Bxb5 7. Nxb5 a6 8. Nc3 Bd6 9. Nf3 Nf6 10. d4 O-O 11.
dxc5 Re8+ 12. Be3 Bxc5 13. O-O Bxe3 14. fxe3 Rxe3 15. Re1 Rxe1+ 16. Nxe1 Nc6 17. Nf3 Qb6+ 18. Kf1 Ne4 19. Nxe4 dxe4 20. Ne1 Re8 21. c3 Ne5 22. Nc2 Nd3 23. Ne1 Qf2# 0-1

[Event "Live Chess"]
[Site "Chess.com"]
[Date "2023.05.20"]
[Round "-"]
[White "ProfPoisson"]
[Black "SupremeTactician"]
[Result "0-1"]
[WhiteElo "1142"]
[BlackElo "2377"]
[TimeControl "300"]
[EndTime "13:51:03 PDT"]
[Termination "SupremeTactician won by resignation"]

1. e4 e5 2. Nf3 Nc6 3. d4 exd4 4. Bc4 Nf6 5. e5 d5 6. Bb5 Ne4 7. Nxd4 Bc5 8. Bxc6+ bxc6 9. O-O O-O 10. Nxc6 Qh4 11. Qf3 Bg4 12. g3 Qh5 13. Qf4 g5 14. Ne7+ Bxe7 15.
Qe3 Bc5 16. Qb3 Bf3 17. Nd2 Nxd2 18. Bxd2 g4 19. Rae1 Qh3 0-1

[Event "Live Chess"]
[Site "Chess.com"]
[Date "2023.05.20"]
[Round "-"]
[White "omisoc"]
[Black "TheSmoulderingMaster"]
[Result "1-0"]
[WhiteElo "2146"]
[BlackElo "1731"]
[TimeControl "300"]
[EndTime "13:51:11 PDT"]
[Termination "omisoc won by resignation"]

1. e4 c5 2. Nf3 d6 3. Bb5+ Nd7 4. O-O a6 5. Bxd7+ Bxd7 6. d4 cxd4 7. Qxd4 Nf6 8. Bg5 e5 9. Qd3 Bc6 10. Nc3 Be7 11.
Bxf6 Bxf6 12. Nd5 Bxd5 13. Qxd5 Qe7 14. Rfd1 Rd8 15. a4 O-O 16. Ra3 Rc8 17. Ne1 Rfd8 18. Rad3 g6 19. c3 Rc5 20. Qb3 b5 21. Nc2 bxa4 22.
Qa2 Rb5 23. Nb4 Rdb8 24. Nc6 1-0

[Event "Live Chess"]
[Site "Chess.com"]
[Date "2023.05.20"]
[Round "-"]
[White "whitedjohn"]
[Black "SirEntrails"]
[Result "1-0"]
[WhiteElo "1652"]
[BlackElo "535"]
[TimeControl "300"]
[EndTime "13:51:11 PDT"]
[Termination "whitedjohn won by checkmate"]

1. e4 d5 2. exd5 Nf6 3. d4 Nxd5 4. c4 Nb6 5. Nf3 Nc6 6. d5 Nb4 7. a3 N4xd5 8. cxd5 Nxd5 9. Nc3 Nxc3 10. Qxd8+ Kxd8 11.
bxc3 e6 12. Ne5 Ke8 13. Bc4 b6 14. O-O Bb7 15. Bf4 Bd6 16. Rfe1 f6 17. Nd3 e5 18. Bg3 e4 19. Nb4 Bxg3 20. hxg3 e3 21. Rxe3+ Kd7 22.
Rd1+ Kc8 23. Re7 g5 24. Rdd7 Bc6 25. Rxc7+ Kb8 26. Nxc6# 1-0

[Event "Live Chess"]
[Site "Chess.com"]
[Date "2023.05.20"]
[Round "-"]
[White "chessfiction"]
[Black "LutherSullivan"]
[Result "0-1"]
[WhiteElo "2390"]
[BlackElo "2035"]
[TimeControl "300"]
[EndTime "13:51:25 PDT"]
[Termination "LutherSullivan won by resignation"]

1. e4 e5 2. f4 exf4 3. Nf3 d5 4. Nc3 Nf6 5. exd5 Nxd5 6. Bc4 Nxc3 7. bxc3 Qe7+ 8. Kf2 Qc5+ 9. d4 Qxc4 10. Re1+ Be6 11. d5 Bc5+ 12. Nd4 Qxc3 13. dxe6 Bxd4+ 14. Kf1 Qc4+ 15. Re2 Bxa1 16. exf7+ Kxf7 17. Kg1 Qd4+ 18. Qxd4 Bxd4+ 19. Kh1 Re8 0-1

[Event "Live Chess"]
[Site "Chess.com"]
[Date "2023.05.20"]
[Round "-"]
[White "manthanit"]
[Black "Man-Del-Brot"]
[Result "1-0"]
[WhiteElo "1017"]
[BlackElo "1080"]
[TimeControl "300"]
[EndTime "13:51:26 PDT"]
[Termination "manthanit won by checkmate"]

1. e4 e5 2. Nf3 Nc6 3. Bc4 f5 4.
exf5 e4 5. Ng1 Nf6 6. d3 d5 7.
Bb5 Bxf5 8. Qe2 Qe7 9. Nc3 O-O-O 10. Be3 d4 11. Bxc6 dxc3 12. bxc3 exd3 13. cxd3 Bxd3 14. Bxb7+ Kxb7 15. Rb1+ Kc8 16. Rb8+ Kxb8 17. Qb2+ Ka8 18. Nf3 Rb8 19. Qa3 Rb1+ 20. Kd2 Ne4+ 21. Kxd3 Rxh1 22. Qxa7# 1-0

[Event "Live Chess"]
[Site "Chess.com"]
[Date "2023.05.20"]
[Round "-"]
[White "Larchikov"]
[Black "EdenHazard8"]
[Result "0-1"]
[WhiteElo "1973"]
[BlackElo "2075"]
[TimeControl "300"]
[EndTime "13:51:43 PDT"]
[Termination "EdenHazard8 won by resignation"]

1. d4 d5 2. Nf3 Nf6 3. c4 e6 4. Nc3 dxc4 5. e4 b5 6. e5 Nd5 7. Nxb5 Nb6 8. Nc3 Nc6 9. Be3 Be7 10. Be2 O-O 11. O-O Bb7 12. Rc1 Nb4 13. a3 N4d5 14.
Qd2 Rb8 15. Ne4 Nxe3 16. fxe3 Bxe4 0-1

[Event "Live Chess"]
[Site "Chess.com"]
[Date "2023.05.20"]
[Round "-"]
[White "JanMur7"]
[Black "Nazar_777"]
[Result "1-0"]
[WhiteElo "1985"]
[BlackElo "1604"]
[TimeControl "300"]
[EndTime "13:51:47 PDT"]
[Termination "JanMur7 won by checkmate"]

1. e4 e6 2. d4 a6 3. c4 h5 4. Nc3 c5 5. d5 Nf6 6. e5 Ng8 7. d6 b6 8. f4 Bb7 9. Nf3 Nh6 10. Be2 Nc6 11. O-O Nf5 12. Ng5 g6 13. Nge4 Bg7 14.
Ng5 Qc8 15. Bf3 Nh4 16. Be4 Nf5 17. Qb3 Ncd4 18. Qxb6 Bxe4 19. Ngxe4 Rb8 20. Qxc5 Qxc5 21. Nxc5 Rc8 22. Nxa6 f6 23. Nc7+ Kf7 24. Ne4 fxe5 25. Ng5+ Kg8 26. fxe5 Bxe5 27. Bd2 Bf6 28. Ne4 Be5 29.
Bc3 Kf7 30. Rad1 Ne2+ 31. Kh1 Bxc3 32. Nxc3 Nxc3 33. bxc3 Kg7 34. c5 Ne3 35. Rfe1 Nxd1 36. Rxd1 g5 37. h3 g4 38. h4 g3 39. Rd3 Kf6 40. Rxg3 Rhg8 41. Re3 Rg4 42. g3 Rcg8 43. c6 dxc6 44. Nxe6 Rxg3 45. Rxg3 Rxg3 46. d7 Ke7 47. d8=Q+ Kxe6 48. Qc8+ Kd5 49. Qf5+ Kc4 50. Qf4+ Kb5 51.
Qxg3 c5 52. Qg5 Kc4 53. Qxh5 Kxc3 54. Qxc5+ Kb2 55. Qc4 Ka1 56. Qe2 Kb1 57. Qd2 Ka1 58. a4 Kb1 59. a5 Ka1 60. a6 Kb1 61. a7 Ka1 62. a8=Q+ Kb1 63. Qaa2# 1-0

[Event "Live Chess"]
[Site "Chess.com"]
[Date "2023.05.20"]
[Round "-"]
[White "jennybobby44"]
[Black "JoshMcK"]
[Result "1-0"]
[WhiteElo "1851"]
[BlackElo "1575"]
[TimeControl "300"]
[EndTime "13:51:52 PDT"]
[Termination "jennybobby44 won by resignation"]

1. Nf3 d5 2. d4 Nf6 3. c4 e6 4. Nc3 a6 5. Bf4 Bd6 6. Ne5 O-O 7. h3 c5 8. e3 dxc4 9. Bxc4 cxd4 10. exd4 Qc7 11.
Bd3 Nc6 12. Nxc6 Bxf4 13. Nb4 Re8 14. O-O Qa5 15. Nc2 Qg5 16. Qf3 e5 17. dxe5 Bxe5 18. Rae1 Bd7 19. Ne4 Nxe4 20. Bxe4 Bb5 21. Bxb7 Bxf1 22.
Bxa8 Rxa8 23. Qxa8+ 1-0

[Event "Live Chess"]
[Site "Chess.com"]
[Date "2023.05.20"]
[Round "-"]
[White "luckywookie"]
[Black "ItsNot_Jasper"]
[Result "0-1"]
[WhiteElo "743"]
[BlackElo "1322"]
[TimeControl "300"]
[EndTime "13:51:56 PDT"]
[Termination "ItsNot_Jasper won by checkmate"]

1. e4 c6 2. c3 d5 3. f3 dxe4 4. fxe4 Nf6 5. d3 e5 6. Bg5 h6 7. Bxf6 Qxf6 8. Qf3 Be7 9. Nd2 O-O 10.
O-O-O Be6 11. Kb1 a5 12. Qxf6 Bxf6 13. Ndf3 a4 14. a3 b5 15. d4 exd4 16. cxd4 b4 17. e5 Be7 18. Ne2 bxa3 19. bxa3 Bxa3 20. Rd3 Be7 21. Nc3 a3 22. Na2 Nd7 23. Rc3 Rfb8+ 24. Kc2 Rb2+ 25. Kd3 Rxa2 26. Rxc6 Rb2 27. h4 a2 28. Be2 a1=Q 29. Rxa1 Rxa1 30. Rc8+ Kh7 31. Ke3 Ra3+ 32. Bd3+ g6 33. h5 Rbb3 34. hxg6+ fxg6 35. Ne1 Bf5 36. Kd2 Bxd3 37. Nxd3 Rxd3+ 38. Kc2 Rg3 39. Kb2 Rab3+ 40. Kc2 Ra3 41. Kb2 Rxg2+ 42. Rc2 Rxc2+ 43. Kxc2 Rf3 44. e6 Nf6 45. d5 Nxd5 46. Kd2 Rf5 47. Kd3 h5 48. Kd4 h4 49. Kd3 h3 50. Ke2 h2 51. Kd1 h1=Q+ 52. Kc2 Qh4 53. Kb3 Rf3+ 54. Kc2 Qh2+ 55. Kc1 Rf1# 0-1

[Event "Live Chess"]
[Site "Chess.com"]
[Date "2023.05.20"]
[Round "-"]
[White "CheckThis4"]
[Black "Conradical12"]
[Result "1-0"]
[WhiteElo "2549"]
[BlackElo "1569"]
[TimeControl "300"]
[EndTime "13:52:02 PDT"]
[Termination "CheckThis4 won by resignation"]

1. d4 Nf6 2. Nc3 c5 3. d5 d6 4. e4 a6 5. f4 g6 6. e5 dxe5 7. fxe5 Ng4 8. e6 f6 9. Qxg4 Bg7 10. Bd3 O-O 11. Nf3 f5 12. Qh4 Qa5 13. O-O Re8 14. Bh6 Bh8 15. Bg5 b5 16. Bxe7 Qb6 17. Bxf5 c4+ 18.
Kh1 gxf5 19. Qg5+ Bg7 20. Bf6 Qc7 21. Ne5 h6 22. Qg6 1-0

[Event "Live Chess"]
[Site "Chess.com"]
[Date "2023.05.20"]
[Round "-"]
[White "nigelst"]
[Black "Singapourfeuj"]
[Result "0-1"]
[WhiteElo "1815"]
[BlackElo "2243"]
[TimeControl "300"]
[EndTime "13:52:06 PDT"]
[Termination "Singapourfeuj won by resignation"]

1. e4 e6 2. d4 d5 3. exd5 exd5 4. Nf3 Bd6 5. Bd3 Ne7 6. c4 c6 7. c5 Bc7 8. O-O Bg4 9. Bg5 f6 10. Bh4 Nd7 11. Nbd2 Nf8 12. Bg3 Nfg6 13. Qb3 Bxg3 14. hxg3 Qd7 15. Rfe1 O-O-O 16. a4 Rhe8 17. a5 a6 18. Qb6 Qc7 19. Qxc7+ Kxc7 20. Nh4 Nxh4 21. gxh4 Bf5 22. Bxf5 Nxf5 23. Nf3 Kd7 24. Kf1 Re4 25. h5 Rde8 26. Rxe4 dxe4 27. Nd2 Nxd4 28. Re1 f5 29. Nc4 Nb3 30. Rd1+ Kc7 31. Nd6 Rd8 32. Ke1 Nxc5 33.
Nxf5 Rxd1+ 34. Kxd1 g6 35. hxg6 hxg6 36. Ne7 Nd3 37.
Nxg6 Nxb2+ 38. Kc2 Nc4 39. Kc3 Nxa5 40. Kd4 b5 41.
Kxe4 b4 42. Ne5 b3 43. Nd3 Nc4 44. Kd4 b2 45. Nxb2 Nxb2 46. g4 Kd7 47. g5 a5 48. g6 Ke6 49. Kc3 Nd1+ 50. Kb3 c5 51.
f4 Kf6 52. f5 Ne3 53. Ka4 c4 54. Ka3 Nxf5 55. Kb2 a4 56. Kc3 a3 57. Kc2 Kxg6 0-1

[Event "Live Chess"]
[Site "Chess.com"]
[Date "2023.05.20"]
[Round "-"]
[White "Reggie016"]
[Black "LozzaLoaf"]
[Result "1-0"]
[WhiteElo "1070"]
[BlackElo "262"]
[TimeControl "300"]
[EndTime "13:52:30 PDT"]
[Termination "Reggie016 won by checkmate"]

1. e4 Nf6 2. e5 Nd5 3. c4 Nb4 4. d4 b6 5. Bd2 c5 6. dxc5 bxc5 7. Nc3 Qa5 8. g3 Nxa2 9. Rxa2 Qxa2 10. Nxa2 Nc6 11.
Nf3 Nxe5 12. Nxe5 d6 13. Nc6 Bb7 14. Qa4 Bxc6 15. Qxc6+ Kd8 16. Qxa8+ Kd7 17. Qxa7+ Ke6 18. Bh3+ Kf6 19. O-O e5 20. f4 exf4 21. Rxf4+ Kg6 22. Bf5+ Kf6 23. Bc3+ Kg5 24. Qxf7 g6 25. Bxh8 gxf5 26. Qxf5+ Kh6 27. Rh4# 1-0

[Event "Live Chess"]
[Site "Chess.com"]
[Date "2023.05.20"]
[Round "-"]
[White "1600x"]
[Black "Brooms1989"]
[Result "1-0"]
[WhiteElo "1782"]
[BlackElo "1018"]
[TimeControl "300"]
[EndTime "13:52:48 PDT"]
[Termination "1600x won by resignation"]

1. d4 Nf6 2. Nc3 g6 3. e4 d6 4. e5 dxe5 5. dxe5 Qxd1+ 6. Nxd1 Ng4 7. Nf3 Nc6 8. h3 Ngxe5 9. Nxe5 Nxe5 10. b3 Bg7 11.
Bb2 O-O 12. f4 Nc6 13. Bxg7 Kxg7 14. Ne3 e5 15. fxe5 Nxe5 16. O-O-O Be6 17. g4 Rad8 18. Rxd8 Rxd8 19. Bg2 c6 20. a3 f5 21. gxf5 Bxf5 22. Nxf5+ gxf5 23. Rf1 Rf8 24. Bf3 Nxf3 25. Rxf3 Kg6 26.
Rf1 Kg5 27. Rg1+ Kf4 28. Rg7 Ke3 29. Rxb7 Ke2 30. Rxa7 f4 31. Rxh7 f3 32. Re7+ Kf2 33. Kd2 Kg3 34. Ke1 f2+ 35. Kf1 Kxh3 36. a4 Kg3 37.
Re3+ Kf4 38. Kxf2 1-0

[Event "Live Chess"]
[Site "Chess.com"]
[Date "2023.05.20"]
[Round "-"]
[White "lordjimvi"]
[Black "LiamClery2020"]
[Result "0-1"]
[WhiteElo "391"]
[BlackElo "2091"]
[TimeControl "300"]
[EndTime "13:52:54 PDT"]
[Termination "LiamClery2020 won by resignation"]

1. e4 Nf6 2. Qf3 Nc6 3. d3 e5 4. c4 Nd4 5. Qd1 c6 6. Nf3 Nxf3+ 7. Qxf3 d5 8. exd5 cxd5 9. cxd5 Nxd5 10. Be3 Nxe3 11. Qxe3 Bd6 12. d4 O-O 13. dxe5 Bxe5 14.
Qxe5 Re8 15. Qe2 Rxe2+ 16. Bxe2 Qe7 17. Na3 Bg4 18. f3 Qb4+ 19. Kf2 Qd4+ 20. Ke1 Qxb2 21.
Rd1 Be6 22. Nb1 Rc8 23. Nd2 Rd8 24. Rb1 Qxd2+ 25. Kf2 Bc4 26. Rhe1 Re8 27. Rbd1 Rxe2+ 28. Rxe2 Qxe2+ 29. Kg3 Qxd1 0-1